 Dungeon Crawl Stone Soup version 0.29.1-1-gd02db6906a (webtiles) character file.

Game seed: 14704742719306846232

9130 tardwrangler69 the Thaumaturge (level 11, -6/70 HPs)
             Began as a Demonspawn Earth Elementalist on Oct 21, 2022.
             Was a Believer of Vehumet.
             Mangled by a death yak (18 damage)
             ... in a Gauntlet.
             The game lasted 00:26:07 (13889 turns).

tardwrangler69 the Thaumaturge (DsEE)              Turns: 13889, Time: 00:26:07

Health: -6/70      AC:  9    Str:  6 (9)  XL:     11   Next: 19%
Magic:  20/24      EV: 11    Int: 35 (37) God:    Vehumet [**....]
Gold:   114        SH:  0    Dex:  7 (10) Spells: 16/28 levels left

rFire   + . .      SeeInvis .   n - +9 mace of Ruelaobb {venom, Will+ Int+7 Dex-3}
rCold   . . .      Faith    .   (no shield)
rNeg    + . .      Spirit   .   a - +0 robe
rPois   .          Reflect  .   I - +1 helmet {Int+3}
rElec   +          Harm     .   (no cloak)
rCorr   .          Rampage  .   (no gloves)
Will    +....      NoTele   +   (no boots)
Stlth   +.........              (no amulet)
HPRegen 0.21/turn               p - +6 ring of intelligence
MPRegen 0.38/turn               A - ring of Plog {rElec rF+ rN+ AC+4}

@: hasted, very quick
A: claws 1, rugged brown scales 1, ignite blood 2, magic regeneration
a: Renounce Religion


You were in a Gauntlet.
You worshipped Vehumet.
Vehumet was pleased with you.
You visited 2 branches of the dungeon, and saw 12 of its levels.
You also visited: Bailey and Gauntlet.

You collected 720 gold pieces.
You spent 606 gold pieces at shops.

Inventory:

Hand Weapons
 n - the +9 mace of Ruelaobb (weapon) {venom, Will+ Int+7 Dex-3}
   (You found it on level 3 of the Dungeon)

   It poisons the flesh of those it strikes.
   Int:       It affects your intelligence (+7).
   Dex:       It affects your dexterity (-3).
   Will:      It increases your willpower.
Missiles
 e - a throwing net
Armour
 a - a +0 robe (worn)
 H - +0 storm dragon scales
 I - a +1 helmet of intelligence (worn)
Magical Staves
 q - a staff of cold
Jewellery
 p - a +6 ring of intelligence (left claw)
 A - the ring of Plog (right claw) {rElec rF+ rN+ AC+4}
   (You found it in a Gauntlet)

   [ring of protection]

   AC:        It affects your AC (+4).
   rF:        It protects you from fire.
   rElec:     It insulates you from electricity.
   rN:        It protects you from negative energy.
 B - a ring of magical power
 G - a ring of protection from fire
Wands
 d - a wand of polymorph (5)
 f - a wand of light (7)
 C - a wand of roots (9)
Scrolls
 g - a scroll of butterflies
 l - 6 scrolls of enchant weapon
 u - 5 scrolls of teleportation
 v - 5 scrolls of vulnerability
 w - a scroll of torment
 x - a scroll of poison {unknown}
 y - 3 scrolls of blinking {unknown}
 D - a scroll of brand weapon {unknown}
 E - a scroll of immolation {unknown}
 F - a scroll of enchant armour {unknown}
Potions
 h - 3 potions of lignification
 k - a potion of haste
 m - a potion of curing
 o - 2 potions of brilliance {unknown}
 r - a potion of mutation {unknown}
 s - a potion of flight
 t - a potion of invisibility
 z - a potion of attraction {unknown}


   Skills:
 - Level 1.7 Dodging
 - Level 1.7 Stealth
 + Level 9.2 Spellcasting
 - Level 4.2 Conjurations
 * Level 7.5 Transmutations
 - Level 6.8 Earth Magic
 - Level 9.0 Poison Magic


You had 16 spell levels left.
You knew the following spells:

 Your Spells              Type           Power      Damage    Failure   Level
a - Sandblast             Erth           100%       2d20      1%          1
b - Passwall              Tmut/Erth      50%        N/A       1%          2
c - Stone Arrow           Conj/Erth      100%       3d13      1%          3
d - Eringya's Noxious Bo  Tmut/Pois      32%        N/A       14%         6

Your spell library contained the following spells:

 Spells                   Type           Power      Damage    Failure   Level
 Searing Ray              Conj           90%        2d7       1%          2
 Petrify                  Tmut/Erth      61%        N/A       1%          4
 Blade Hands              Tmut           31%        N/A       3%          5
 Ensorcelled Hibernation  Hex/Ice        32%        N/A       4%          2
 Gell's Gravitas          Tloc           16%        N/A       9%          3
 Ozocubu's Armour         Ice            16%        N/A       9%          3
 Portal Projectile        Hex/Tloc       32%        N/A       9%          3
 Swiftness                Air            16%        N/A       9%          3
 Teleport Other           Tloc           16%        N/A       9%          3
 Tukima's Dance           Hex            16%        N/A       9%          3
 Yara's Violent Unravell  Hex/Tmut       21%        3d10      16%         5
 Cause Fear               Hex            8%         N/A       26%         4
 Manifold Assault         Tloc           16%        N/A       58%         5
 Metabolic Englaciation   Hex/Ice        8%         N/A       58%         5
 Simulacrum               Ice/Necr       8%         N/A       99%         6
 Malign Gateway           Summ/Tloc      8%         N/A       100%        7


Dungeon Overview and Level Annotations

Branches:
Dungeon (11/15)            Temple (1/1) D:6             Orc (0/2) D:11
 Bailey (visited)         Gauntlet (1/1)
   Lair: D:8-11

Altars:
Ashenzari
Cheibriados
Dithmenos
Fedhas
Gozag
Hepliaklqana
Kikubaaqudgha
Makhleb
Nemelex Xobeh
Okawaru
Qazlal
Ru
Sif Muna
Trog
Uskayaw
Vehumet
Wu Jian
Xom
Yredelemnul

Shops:
D:1 =   D:3 *!(([   D:4 :[[   D:6 [!*([   D:7 (   D:10 *

Annotations:
D:7 3 runed translucent doors, Joseph; btbam's ghost, novice GnCA
D:8 Gastronok Gauntlet 11 transporters, exclusion: 2 lightning spires


Innate Abilities, Weirdness & Mutations

You have sharp fingernails.
You are partially covered in rugged brown scales. (AC +1, +3% HP)
Your demonic aura often causes spilled blood to erupt in flames.
You regenerate magic rapidly.


Message History

There was something very wrong with that liquid.
You feel weakened.
You feel dopey.
You feel clumsy.
The death yak is engulfed in blazing flames.
The death yak gores you but does no damage.
The necromancer casts a spell.
The necromancer binds the souls of nearby monsters.
Okay, then.
Unknown command.
You drop 2 potions of degeneration.
The death yak is engulfed in blazing flames.
The death yak gores you.
* * * LOW HITPOINT WARNING * * *
It was a potion of resistance.
You feel protected.
It was a potion of cancellation.
Your magical effects are unravelling.
You feel magically purged.
You feel less wooden.
Your +1 helmet of intelligence unmelds from your body.
Your +0 robe unmelds from your body.
You feel clever.
You feel yourself slow down.
You flicker back into view.
Your resistance to elements expires.
The death yak gores you!
* * * LOW HITPOINT WARNING * * *
You feel better.
The death yak's soul is no longer bound.
The death yak gores you but does no damage.
The necromancer gestures wildly while chanting.
The necromancer binds the souls of nearby monsters.
Okay, then.
Unknown command.
Okay, then.
Unknown command.
Okay, then.
Unknown command.
Okay, then.
Unknown command.
You feel yourself speed up. The death yak gores you!!
You die...

.#.#...#.#.....#.####.8.#
...#...#..x)©XxxX#..#....
####...###########..#.8.#
.....≈.............≈#...#
....≈8§............∩#.8..
....§§.............§#...#
####...###########..#.8.#
.8.#...#Y.?[©?.†°#..#....
...#...#Y#.....#@####.8.#
...#...#.##...##Y#©.....#
.#)###.#..#####Yp####.8..
#8©#©#.#..Y.©...Y#..#...
.#=#.#.#..##.##..#..#≈8≈
..)#.#.#.##...##.#..# #
...#.#.#.#.....#.#..#
...#.#.#.........#..#
####.#############..###


You could see 3 death yaks, 2 thrashing horrors, a necromancer and 3 small
abominations.

Vanquished Creatures
  3 death yaks (Gauntlet)
  An ugly thing (D:10)
  An unseen horror (D:10)
  A hornet (D:9)
  A queen bee (Gauntlet)
  3 trolls
  A vampire (D:7)
  A wraith (D:10)
  A wyvern (D:8)
  9 yaks
  3 steam dragons
  A water moccasin (D:6)
  Duvessa (D:4)
  7 orc warriors
  A black bear (D:7)
  A sky beast (D:6)
  3 ogres
  A phantom (D:5)
  4 bullfrogs
  4 kobold brigands
  A gnoll sergeant (D:5)
  4 necrophages
  A scorpion (D:5)
  4 wights (D:6)
  Dowan (D:4)
  7 killer bees
  A howler monkey (D:8)
  2 jellies
  3 hounds
  3 orc priests
  4 iguanas
  5 orc wizards
  Robin (D:2)
  4 gnolls
  7 adders
  2 river rats
  2 shadow imps
  3 white imps
  2 ufetubi (D:6)
  4 worms
  32 orcs
  10 ball pythons
  6 endoplasms
  2 giant cockroaches
  12 goblins
  10 hobgoblins
  8 jackals
  4 quokkas
  4 bats
  3 frilled lizards
  27 kobolds
  9 rats
236 creatures vanquished.

Vanquished Creatures (collateral kills)
  Ijyb (D:4)
  A hobgoblin (D:4)
  A ball python (D:4)
3 creatures vanquished.

Vanquished Creatures (others)
  2 plants (Gauntlet)
  13 withered plants (Gauntlet)
15 creatures vanquished.

Grand Total: 254 creatures vanquished

Notes
Turn   | Place    | Note
-------+----------+-------------------------------------------
     0 | D:1      | tardwrangler69 the Demonspawn Earth Elementalist began the
                  | quest for the Orb.
     0 | D:1      | Reached XP level 1. HP: 13/13 MP: 3/3
   258 | D:1      | Gained mutation: You regenerate magic rapidly. [demonic
                  | ancestry]
   258 | D:1      | Reached XP level 2. HP: 15/19 MP: 0/5
   421 | D:1      | Found Magauj's Jewellery Emporium.
   665 | D:2      | Noticed Robin
  1040 | D:1      | Reached XP level 3. HP: 12/24 MP: 2/7
  1243 | D:2      | Killed Robin
  1474 | D:2      | Gained mutation: Your demonic aura sometimes causes spilled
                  | blood to erupt in flames. [demonic ancestry]
  1474 | D:2      | Reached XP level 4. HP: 30/30 MP: 6/8
  1773 | D:3      | Found Xushix's Antique Armour Shop.
  1901 | D:3      | Found Eromaebb's Weapon Shoppe.
  1953 | D:3      | Identified the +9 mace of Ruelaobb {venom, Will+ Int+7
                  | Dex-3}
  2040 | D:3      | Learned a level 2 spell: Passwall
  2044 | D:3      | Learned a level 3 spell: Stone Arrow
  2049 | D:3      | Found Voasoh's Weapon Shop.
  2208 | D:3      | Found Lexiwk's Assorted Antiques.
  2410 | D:3      | Found Gustraqa's Distillery.
  2419 | D:3      | Bought a potion of heal wounds for 65 gold pieces
  2419 | D:3      | Bought a potion of curing for 39 gold pieces
  2443 | D:3      | Found an ornate altar of the Wu Jian Council.
  2446 | D:3      | Found a snail-covered altar of Cheibriados.
  2452 | D:3      | Found a hide-covered altar of Uskayaw.
  2698 | D:4      | Reached XP level 5. HP: 35/35 MP: 8/10
  3100 | D:4      | Reached skill level 1 in Conjurations
  3391 | D:4      | Reached XP level 6. HP: 24/41 MP: 8/12
  3696 | D:4      | Noticed Dowan
  3697 | D:4      | Noticed Duvessa
  3876 | D:5      | Entered Level 5 of the Dungeon
  4164 | D:5      | Reached skill level 5 in Earth Magic
  4189 | D:5      | Gained mutation: You are partially covered in rugged brown
                  | scales. (AC +1, +3% HP) [demonic ancestry]
  4189 | D:5      | Reached XP level 7. HP: 41/47 MP: 10/14
  4549 | D:4      | Noticed Ijyb
  4561 | D:4      | Killed Ijyb
  4565 | D:4      | Reached skill level 5 in Spellcasting
  4628 | D:4      | Found Huoq Zan's Antique Armour Shop.
  4653 | D:4      | Found Xoykit's Antique Armour Boutique.
  4794 | D:4      | Found Oguudgh's Book Shoppe.
  4862 | D:4      | Found a blossoming altar of Fedhas.
  5002 | D:4      | Killed Duvessa
  5004 | D:4      | Killed Dowan
  5223 | D:5      | Reached skill level 1 in Poison Magic
  5223 | D:5      | Reached XP level 8. HP: 53/53 MP: 4/16
  5635 | D:6      | Found Plog's Weapon Shop.
  5745 | D:6      | Found Hofeof's Distillery.
  5806 | D:6      | Found a staircase to the Ecumenical Temple.
  5904 | D:6      | Reached skill level 5 in Poison Magic
  5923 | D:5      | Gained mutation: Your demonic aura often causes spilled
                  | blood to erupt in flames. [demonic ancestry]
  5923 | D:5      | Reached XP level 9. HP: 29/58 MP: 3/18
  6146 | Temple   | Entered the Ecumenical Temple
  6367 | Temple   | Became a worshipper of Vehumet
  6420 | D:6      | Found Wekife's Armour Shop.
  6437 | D:6      | Found a faded altar of an unknown god.
  6437 | D:6      | Found a stormy altar of Qazlal.
  6445 | D:6      | Found an opulent altar of Gozag.
  6447 | D:6      | Found a faded altar of an unknown god.
  6566 | D:6      | Found Ireyture's Armour Boutique.
  6584 | D:6      | Found Qydyevi's General Store.
  6587 | D:6      | Bought a scroll of teleportation for 42 gold pieces
  6852 | D:7      | Noticed Joseph
  6872 | D:7      | Noticed btbam's ghost (novice GnCA)
  6902 | D:7      | Found a runed translucent gate.
  6902 | D:7      | Found a runed translucent gate.
  6902 | D:7      | Found a runed translucent gate.
  7221 | D:7      | Found Maprodd's Antique Weapon Shop.
  8885 | D:9      | Reached skill level 1 in Transmutations
  9008 | D:9      | Noticed a troll
  9057 | D:9      | Noticed Gastronok
 10031 | D:9      | Noticed a troll
 10106 | D:9      | Killed a troll
 10107 | D:9      | Gained mutation: You have sharp fingernails. [demonic
                  | ancestry]
 10107 | D:9      | Reached XP level 10. HP: 58/64 MP: 4/21
 10763 | D:10     | Entered Level 10 of the Dungeon
 10775 | D:10     | Found Uca Imess's Assorted Antiques.
 10910 | D:10     | Reached * piety under Vehumet
 10910 | D:10     | Offered knowledge of Shock by Vehumet.
 11322 | D:10     | Found a flagged portal.
 11373 | Bailey   | Entered a bailey
 11487 | Bailey   | Reached skill level 5 in Transmutations
 11799 | Bailey   | Noticed an orc knight
 12561 | D:4      | Bought Zeushrahu's Folio of the Jaunt and
                  | Transmogrification for 460 gold pieces
 12568 | D:4      | Learned a level 6 spell: Eringya's Noxious Bog
 12797 | D:11     | Noticed a centaur warrior
 12797 | D:11     | Found a staircase to the Orcish Mines.
 12842 | D:11     | Noticed a red ugly thing
 12842 | D:11     | Found a gate leading to a gauntlet.
 12847 | D:10     | Killed a red ugly thing
 12989 | D:10     | Offered knowledge of Searing Ray by Vehumet.
 13249 | D:11     | Reached ** piety under Vehumet
 13256 | Gauntlet | Entered a Gauntlet
 13256 | Gauntlet | Found a transporter.
 13256 | Gauntlet | Found a transporter.
 13293 | Gauntlet | Found a transporter.
 13293 | Gauntlet | Found a transporter.
 13302 | Gauntlet | Noticed a torpor snail
 13303 | Gauntlet | Found a transporter.
 13307 | Gauntlet | Noticed a four-headed hydra
 13309 | Gauntlet | Noticed a death yak
 13309 | Gauntlet | Noticed a death yak
 13309 | Gauntlet | Noticed a death yak
 13309 | Gauntlet | Noticed a thrashing horror
 13310 | Gauntlet | Noticed a thrashing horror
 13310 | Gauntlet | Noticed a death yak
 13311 | Gauntlet | Noticed a death yak
 13311 | Gauntlet | Noticed a death yak
 13312 | Gauntlet | Noticed a necromancer
 13313 | Gauntlet | Found a transporter.
 13313 | Gauntlet | Found a transporter.
 13333 | Gauntlet | Found a transporter.
 13352 | Gauntlet | Found a transporter.
 13376 | Gauntlet | Found a transporter.
 13400 | Gauntlet | Found a transporter.
 13438 | Gauntlet | Found a transporter.
 13441 | Gauntlet | Noticed an apocalypse crab
 13452 | Gauntlet | Found a transporter.
 13557 | Gauntlet | Found a transporter.
 13571 | Gauntlet | Found a transporter.
 13581 | Gauntlet | Noticed a blizzard demon
 13585 | Gauntlet | Found a transporter.
 13811 | Gauntlet | Got the Treatise on Bewitching Peregrination
 13815 | Gauntlet | Identified the ring of Plog {rElec rF+ rN+ AC+4}
 13870 | Gauntlet | Killed a death yak
 13871 | Gauntlet | Reached XP level 11. HP: 39/70 MP: 15/24
 13874 | Gauntlet | Killed a death yak
 13881 | Gauntlet | Killed a death yak
 13887 | Gauntlet | HP: 3/70 [death yak (17)]
 13889 | Gauntlet | Mangled by a death yak

Illustrated notes

Levels and vault maps discovered:
D:1:      lightli_arrival_chessboard, layout_basic, serial_shops,
          nicolae_square_shop
D:2:      layout_basic, uniq_robin
D:3:      layout_loops_ring, grunt_temple_overflow_diamond, serial_glass,
          glass_columns_b, glass_columns_c, glass_columns_a, serial_shops, shop,
          shop_fountains, nicolae_shop_window_shopping, nicolae_shop_trees,
          nicolae_shop_temple_entry_statues_fountains
D:4:      layout_loops_ring, fedhas_altar_2, lightli_sewer_entry_pipes,
          serial_shops, shop, kennysheep_mini_moat, shop, grunt_ministairs_9,
          grunt_decor_cap, minmay_crossroads, uniq_ijyb, uniq_duvessa
D:5:      layout_basic, minmay_misc_feat_hallway, corexii_corridor_pit,
          nicolae_concentric_dashed_squares_wild
D:6:      layout_cave_pools, chequers_temple_overflow_minitemple,
          minmay_temple_entry_crystal_x, serial_shops,
          nicolae_shop_behind_doors, kennysheep_mini, nicolae_shop_waterfront,
          shop, shop
D:7:      layout_layer_cave, mainiacjoe_overflow_paths, gammafunk_ghost_icy,
          serial_shops, nicolae_diamond_shop, uniq_joseph
D:8:      layout_loops_ring
D:9:      layout_basic, uniq_gastronok
D:10:     layout_irregular_city, serial_shops, nicolae_lakefront_shop,
          enter_bailey_8
D:11:     layout_rooms, minmay_lair_entry_grove, orc_0_dummy,
          gauntlet_entry_generic, amcnicky_mini_pool_small,
          minmay_misc_feat_cross
Temple:   dpeg_chambers_temple
Gauntlet: gammafunk_gauntlet_branching [gammafunk_gauntlet_arena_split_diamond,
          gammafunk_gauntlet_arena_arrow_garden, gammafunk_gauntlet_arena_mazey,
          nicolae_gauntlet_arena_t_cross, gammafunk_gauntlet_arena_grid,
          nicolae_gauntlet_arena_flowing_pool, gammafunk_gauntlet_arena_split_x,
          nicolae_gauntlet_arena_blocks, gauntlet_exit_green]

Skill      XL: |  1  2  3  4  5  6  7  8  9 10 11 |
---------------+----------------------------------+-----
Earth Magic    | 3 4 5 6 |  6.8
Spellcasting   | 3 4 5 6 7 9 |  9.2
Conjurations   | 1 3 4 |  4.2
Poison Magic   | 1 5 8 9 |  9.0
Transmutations | 2 6 7 |  7.5
Dodging        | |  1.7
Stealth        | |  1.7

Action                   |  1- 3 |  4- 6 |  7- 9 | 10-12 || total
-------------------------+-------+-------+-------+-------++-------
Melee: Unarmed           |     9 |       |       |       ||     9
       Mace              |       |     2 |     1 |     1 ||     4
 Cast: Sandblast         |    47 |   112 |    64 |     4 ||   227
       Stone Arrow       |       |       |    93 |    91 ||   184
Evoke: Wand              |       |       |     1 |       ||     1
  Use: Scroll            |       |     4 |     6 |     2 ||    12
       Potion            |       |     1 |     2 |    16 ||    19
Armor: Robe              |    10 |     9 |     5 |     9 ||    33
       Skin              |       |       |       |    13 ||    13
Dodge: Dodged            |    23 |    30 |    38 |    18 ||   109
